 Dungeon Crawl Stone Soup version 0.31-a0-237-g2d982f9f85 (webtiles) character file.

Game seed: 5207557394565226308

200 qw the Shooter (level 5, -2/45 HPs)
             Began as a Minotaur Hexslinger on July 10, 2023.
             Killed from afar by Sigmund (5 damage)
             ... with a magic dart
             ... on level 4 of the Dungeon.
             The game lasted 00:00:57 (2144 turns).

qw the Shooter (Minotaur Hexslinger)                Turns: 2144, Time: 00:00:58

Health: -2/45      AC:  4    Str: 13    XL:     5   Next: 48%
Magic:  0/5        EV: 12    Int: 10    God:
Gold:   70         SH:  0    Dex: 14    Spells: 5/6 levels left

rFire   + . .        Y - +1 sling
rCold   + . .        (no shield)
rNeg    . . .        g - +0 leather armour
rPois   .            (helmet restricted)
rElec   .            d - scarf {rC+ rF+}
rCorr   .            k - +0 pair of gloves
SInv    .            (no boots)
Will    .....        c - amulet of guardian spirit
Stlth   +            (no ring)
HPRegen 0.27/turn    (no ring)
MPRegen 0.09/turn

%: guardian spirit
@: no status effects
A: horns 2, retaliatory headbutt
a: no special abilities


You were on level 4 of the Dungeon.
You visited 1 branch of the dungeon, and saw 4 of its levels.

You collected 125 gold pieces.
You spent 55 gold pieces at shops.


Innate Abilities, Weirdness & Mutations

You have a pair of horns on your head.
You reflexively headbutt those who attack you in melee.


   Skills:
 - Level 3.0 Fighting
 + Level 5.8 Ranged Weapons
 - Level 2.1 Dodging
 - Level 1.0 Spellcasting
 - Level 2.0 Hexes


You had 5 spell levels left.
You knew the following spells:

 Your Spells              Type           Power      Damage    Failure   Level
a - Slow                  Hex            16%        N/A       19%         1

Your spell library contained the following spells:

 Spells                   Type           Power      Damage    Failure   Level
 Inner Flame              Hex/Fire       2%         N/A       65%         3
 Portal Projectile        Hex/Tloc       4%         N/A       65%         3
 Cause Fear               Hex            2%         N/A       88%         4

Inventory:

Hand Weapons
 Y - a +1 sling (weapon)
Armour
 d - a scarf of resistance (worn)
 g - a +0 leather armour (worn)
 k - a +0 pair of gloves (worn)
Jewellery
 c - an amulet of guardian spirit (around neck)
Scrolls
 f - a scroll of identify
Potions
 b - a potion of mutation {unknown}
 e - a potion of curing {unknown}
 h - a potion of lignification {unknown}
 i - a potion of invisibility {unknown}

Dungeon Overview and Level Annotations

Branches:
Dungeon (4/15)
 Temple: D:4-7

Altars:
Hepliaklqana

Shops:
D:2 *

Annotations:
D:3 Edmund
D:4 Sigmund


Message History

Something hits you but does no damage. The iguana bites you!
You shoot a sling bullet.
The sling bullet hits the iguana but does no damage.
The iguana is moderately wounded.
The iguana bites you! Something hits you but does no damage.
2137 ||| DRINKING potion of heal wounds.
You feel much better. The iguana barely misses you.
You shoot a sling bullet.
The sling bullet closely misses the iguana.
Something completely misses you. The iguana closely misses you.
You furiously retaliate!
You headbutt the iguana! You shoot a sling bullet.
The sling bullet hits the iguana but does no damage.
The iguana is severely wounded.
The iguana bites you! Something hits you.
You shoot a sling bullet.
The sling bullet hits the iguana but does no damage.
The iguana is severely wounded.
The iguana bites you. Something hits you! The iguana bites you.
You shoot a sling bullet.
The sling bullet hits the iguana but does no damage.
The iguana is severely wounded.
The iguana bites you.
You shoot a sling bullet.
The sling bullet hits the iguana but does no damage.
The iguana is severely wounded.
Something hits you. The iguana misses you.
You shoot a sling bullet.
The sling bullet hits the iguana but does no damage.
The iguana is severely wounded.
Something hits you but does no damage. The iguana bites you.
You shoot a sling bullet.
The sling bullet hits the iguana but does no damage.
The iguana is severely wounded.
The iguana barely misses you. You furiously retaliate!
You headbutt the iguana!
You kill the iguana!
A magic dart appears from out of thin air!
The magic dart hits you.
You die...

#..............#
#.............#
#..........<.##
#.........(##
#.........##
##......###
#.....## ####.##
#..@#
#.....##%{#
..#### #.... ###
##)... ##..##
... #...<# ..
#...o..# #
#.......#
.........


There were no monsters in sight!

Vanquished Creatures
  A scorpion (D:4)
  An iguana (D:4)
  2 orc wizards (D:3)
  2 adders
  2 worms (D:3)
  2 dart slugs
  5 orcs (D:3)
  5 endoplasms
  4 giant cockroaches
  3 goblins
  2 hobgoblins
  2 jackals (D:1)
  2 quokkas (D:3)
  6 ball pythons
  4 bats
  A frilled lizard (D:3)
  3 kobolds
  22 rats
69 creatures vanquished.

Notes
Turn   | Place    | Note
-------+----------+-------------------------------------------
     0 | D:1      | qw the Minotaur Hexslinger began the quest for the Orb.
     0 | D:1      | Reached XP level 1. HP: 16/16 MP: 1/1
     0 | D:1      | 0 ||| qw: Version: 0.3-a-52-g30416fa
     0 | D:1      | 0 ||| qw: Game counter: 5043
     0 | D:1      | 0 ||| qw: Melee chars always use a shield: true
     0 | D:1      | 0 ||| qw: God list: Okawaru
     0 | D:1      | 0 ||| qw: Allow faded altars: false
     0 | D:1      | 0 ||| qw: Do Orc after clearing Dungeon:15 true
     0 | D:1      | 0 ||| qw: Do second Lair branch before Depths: true
     0 | D:1      | 0 ||| qw: Lair rune preference: random
     0 | D:1      | 0 ||| qw: Goals: Normal
     0 | D:1      | 0 ||| PLANNING D:1-11
   136 | D:1      | Reached skill level 3 in Ranged Weapons
   137 | D:1      | Reached XP level 2. HP: 23/23 MP: 2/2
   651 | D:1      | 651 ||| UPGRADING to scarf of resistance.
   656 | D:1      | 656 ||| READING 2 scrolls labelled JUOSIK INIO.
   657 | D:1      | 657 ||| READING scroll labelled PUN LUDDOMEEWK.
   658 | D:1      | 658 ||| DRINKING 2 puce potions.
   659 | D:1      | 659 ||| DROPPING scroll of vulnerability.
   660 | D:1      | 660 ||| DROPPING scroll of poison.
   661 | D:1      | 661 ||| DROPPING potion of brilliance.
   748 | D:2      | Reached XP level 3. HP: 23/29 MP: 3/3
   883 | D:2      | Found Wuikk's General Store.
   892 | D:2      | 892 ||| BUYING +0 leather armour (22 gold).
   892 | D:2      | Bought a +0 leather armour for 22 gold pieces
   892 | D:2      | 892 ||| BUYING scroll of teleportation (33 gold).
   892 | D:2      | Bought a scroll of teleportation for 33 gold pieces
  1116 | D:2      | 1116 ||| UPGRADING to +0 leather armour.
  1126 | D:2      | 1126 ||| DROPPING +0 robe.
  1127 | D:2      | 1127 ||| UPGRADING to +0 pair of gloves.
  1132 | D:2      | 1132 ||| READING scroll labelled YNICHEPNAL.
  1133 | D:2      | 1133 ||| READING 4 scrolls labelled QUORHU ERI.
  1134 | D:2      | 1134 ||| READING 3 scrolls of identify.
  1134 | D:2      | 1134 ||| IDENTIFYING metallic grey potion
  1135 | D:2      | 1135 ||| READING 2 scrolls of identify.
  1135 | D:2      | 1135 ||| IDENTIFYING sedimented cyan potion
  1136 | D:2      | 1136 ||| DROPPING potion of degeneration.
  1221 | D:3      | Reached skill level 4 in Ranged Weapons
  1236 | D:3      | 1236 ||| FLEEEEING.
  1237 | D:3      | 1237 ||| FLEEEEING.
  1275 | D:3      | 1275 ||| Stepping ~*~*~tactically~*~*~ (outnumbered).
  1288 | D:3      | Reached XP level 4. HP: 25/36 MP: 4/4
  1294 | D:3      | Reached skill level 5 in Ranged Weapons
  1612 | D:3      | Reached skill level 3 in Fighting
  1652 | D:3      | Found a hazy altar of Hepliaklqana.
  1702 | D:3      | Reached XP level 5. HP: 45/45 MP: 5/5
  1987 | D:3      | 1987 ||| UPGRADING to amulet of guardian spirit.
  2018 | D:4      | Noticed Edmund
  2022 | D:4      | 2022 ||| STAIRDANCE
  2027 | D:3      | HP: 3/45 [Edmund/+2 flail of protection (11)]
  2028 | D:3      | 2028 ||| READING scroll of teleportation.
  2029 | D:3      | 2029 ||| DRINKING 2 potions of heal wounds.
  2126 | D:4      | Noticed Sigmund
  2136 | D:4      | HP: 11/45 [iguana (8)]
  2137 | D:4      | 2137 ||| DRINKING potion of heal wounds.
  2141 | D:4      | HP: 11/45 [iguana (1)]
  2143 | D:4      | HP: 3/45 [iguana (4)]
  2144 | D:4      | Killed from afar by Sigmund

Levels and vault maps discovered:
D:1:      minmay_arrival_glassed_features, layout_basic
D:2:      layout_basic, serial_shops, shop
D:3:      wander_river, layout_basic, mainiacjoe_overflow_brackets,
          columned_hall_lemuel, minmay_rat_hole
D:4:      layout_cave_pods, gammafunk_temple_overflow_claw, uniq_edmund,
          uniq_sigmund

Skill      XL: |  1  2  3  4 |
---------------+-------------+-----
Ranged Weapons | 3 4 5 |  5.8
Fighting       | 2 3 |  3.0
Dodging        | |  2.1
Spellcasting   | |  1.0
Hexes          | |  2.0

Action                     |  1- 3 |  4- 6 || total
---------------------------+-------+-------++-------
   Fire: Sling             |   100 |   118 ||   218
    Use: Scroll            |     6 |     1 ||     7
         Potion            |     1 |     2 ||     3
 Armour: Robe              |     2 |       ||     2
         Leather armour    |     5 |    17 ||    22
  Dodge: Dodged            |    17 |    30 ||    47

Table legend:
 A = Non-vault XP
 B = Vault XP
 C = Vault XP percentage of total XP
 D = Non-vault monster count
 E = Vault monster count
 F = Vault count percentage of total count
                 A         B        C        D         E       F
            +---------+---------+-------+---------+---------+-------
      Total |     302 |      20 |   6.2 |      50 |      19 |  27.5
            +---------+---------+-------+---------+---------+-------
        D:1 |      34 |       0 |   0.0 |      19 |       0 |   0.0
        D:2 |      20 |       0 |   0.0 |       6 |       0 |   0.0
        D:3 |     127 |      20 |  13.6 |      22 |      19 |  46.3
        D:4 |     121 |       0 |   0.0 |       3 |       0 |   0.0
            +---------+---------+-------+---------+---------+-------
